 Dungeon Crawl Stone Soup version 0.26.1-11-gd32895ea62 (webtiles) character file.

Game seed: 4186668435413529904

21219 DearestLeader the Blocker (level 12, -8/97 HPs)
             Began as a Gnoll Fighter on Apr 21, 2021.
             Was a High Priest of Okawaru.
             Mangled by a seven-headed hydra (15 damage)
             ... on level 3 of the Lair of Beasts.
             The game lasted 00:27:47 (15651 turns).

DearestLeader the Blocker (Gnoll Fighter)          Turns: 15651, Time: 00:27:48

Health: -8/97      AC: 12    Str: 24    XL:     12   Next: 87%
Magic:  6/23       EV: 18    Int: 19    God:    Okawaru [*****.]
Gold:   875        SH:  9    Dex: 21    Spells: 18/26 levels left

rFire    . . .     SeeInvis .   s - +2 demon whip (flame)
rCold    + . .     Faith    .   O - +2 buckler
rNeg     . . .     Spirit   .   q - +2 leather armour {Will+}
rPois    .         Reflect  .   X - +0 helmet
rElec    .         Harm     .   f - +2 cloak of Uror {+Blink rC+ Int+3}
rCorr    .         Rampage  .   g - +0 pair of gloves
Will     +....                  (no boots)
Stlth    ++++......             I - amulet of regeneration
HPRegen  0.66/turn              r - +6 ring of dexterity
MPRegen  0.18/turn              v - +6 ring of strength

@: very slightly contaminated, hasted, very quick
A: distributed training, fangs 1, strong nose
a: Renounce Religion, Evoke Blink, Heroism, Finesse


You were on level 3 of the Lair of Beasts.
You worshipped Okawaru.
Okawaru was extremely pleased with you.
You visited 2 branches of the dungeon, and saw 13 of its levels.
You also visited: Ossuary and Volcano.

You collected 875 gold pieces.

Inventory:

Hand Weapons
 a - a +2 war axe of electrocution
 s - a +2 demon whip of flaming (weapon)
 B - a +2 hunting sling of freezing
 P - a +1 shortbow of flaming
 V - the +7 rapier "Pala" {vorpal, rPois Dex+2}
   (You found it on level 9 of the Dungeon)

   It inflicts extra damage upon your enemies.
   It affects your dexterity (+2).
   It protects you from poison.
Missiles
 x - 60 sling bullets
 Q - 297 arrows
 U - 6 atropa-tipped darts (quivered)
Armour
 b - a +2 leather armour of fire resistance
 f - the +2 cloak of Uror (worn) {+Blink rC+ Int+3}
   (You found it on level 6 of the Dungeon)

   It affects your intelligence (+3).
   It protects you from cold.
   It lets you blink.
 g - a +0 pair of gloves (worn)
 q - a +2 leather armour of willpower (worn)
 O - a +2 buckler (worn)
 X - a +0 helmet (worn)
Magical Staves
 A - an uncursed staff of air {unknown}
Jewellery
 r - a +6 ring of dexterity (left hand)
 v - a +6 ring of strength (right hand)
 z - an uncursed ring of wizardry
 F - an uncursed ring of wizardry
 I - an amulet of regeneration (around neck)
 L - an uncursed amulet of the acrobat
 Z - a +6 ring of dexterity
Wands
 u - a wand of digging (5)
 E - a wand of random effects (23)
 H - a wand of enslavement (10)
 M - a wand of polymorph (8)
 N - a wand of acid (6)
 Y - a wand of iceblast (16)
Scrolls
 c - a scroll of blinking {unknown}
 k - 2 scrolls of identify
 l - 7 scrolls of teleportation
 m - 3 scrolls of enchant armour
 p - a scroll of immolation {unknown}
 D - a scroll of fog
 G - a scroll of enchant weapon
 S - 5 scrolls of amnesia
 W - a scroll of remove curse
Potions
 d - 3 potions of might
 e - 2 potions of cancellation
 h - 2 potions of invisibility
 i - 2 potions of magic
 j - 4 potions of haste
 n - 8 potions of curing
 o - 3 potions of brilliance
 t - a potion of mutation {unknown}
 w - a potion of resistance {unknown}
 C - 3 potions of berserk rage
 J - 2 potions of degeneration
 R - a potion of attraction {unknown}
 T - 3 potions of flight


   Skills:
 + Level 10.1 Fighting
 + Level 7.7 Short Blades
 + Level 7.7 Long Blades
 + Level 9.0 Axes
 + Level 7.7 Maces & Flails
 + Level 7.7 Polearms
 + Level 7.7 Staves
 + Level 7.7 Slings
 + Level 7.7 Bows
 + Level 7.7 Crossbows
 + Level 7.7 Throwing
 + Level 10.1 Armour
 + Level 7.7 Dodging
 + Level 7.7 Stealth
 + Level 10.1 Shields
 + Level 7.7 Unarmed Combat
 + Level 7.7 Spellcasting
 + Level 6.4 Conjurations
 + Level 6.4 Hexes
 + Level 6.4 Summonings
 + Level 6.4 Necromancy
 + Level 6.4 Translocations
 + Level 6.4 Transmutations
 + Level 6.4 Fire Magic
 + Level 6.4 Ice Magic
 + Level 6.4 Air Magic
 + Level 6.4 Earth Magic
 + Level 6.4 Poison Magic
 + Level 8.4 Invocations
 + Level 7.7 Evocations


You had 18 spell levels left.
You knew the following spells:

 Your Spells              Type           Power        Failure   Level
a - Summon Lightning Spi  Summ/Air       31%          8%          4
b - Summon Ice Beast      Ice/Summ       31%          8%          4

Your spell library contained the following spells:

 Spells                   Type           Power        Failure   Level
 Summon Small Mammal      Summ           100%         1%          1
 Call Imp                 Summ           31%          1%          2
 Call Canine Familiar     Summ           31%          2%          3
 Summon Guardian Golem    Hex/Summ       31%          2%          3


Dungeon Overview and Level Annotations

Branches:
Dungeon (10/15)            Temple (0/1) D:4            Lair (3/6) D:10
 Shoals (0/4) Lair:2      Ossuary (visited)         Volcano (visited)
  Snake: Lair:2-4    Spider: Lair:2-4       Orc: D:9-12

Altars:
Cheibriados
Dithmenos
Fedhas
Gozag
Hepliaklqana
Makhleb
Okawaru
Ru
Trog
Vehumet
Wu Jian
Zin
Jiyva

Annotations:
Lair:1 3 runed translucent doors, Almogavar's ghost, journeyman MiBe


Innate Abilities, Weirdness & Mutations

Your experience applies equally to all skills.
You have very sharp teeth.
Your uncanny sense of smell can sniff out nearby items.


Message History

* * * LOW HITPOINT WARNING * * *
The seven-headed hydra bites you.
* * * LOW HITPOINT WARNING * * *
Something misses your ice beast.
Casting: Summon Lightning Spire (dangerous; 8% risk of failure)
Confirm with . or Enter, or press ? or * to list all spells.
You miscast Summon Ice Beast.
You are very lightly contaminated with residual magic.
Nothing appears to happen.
Your ice beast disappears in a puff of smoke!
The yak gores your ice beast. The seven-headed hydra bites you!
* * * LOW HITPOINT WARNING * * *
The seven-headed hydra barely misses you. x2
You block the seven-headed hydra's attack.
The seven-headed hydra completely misses you. x2
You block the seven-headed hydra's attack.
You feel yourself speed up.
Your ice beast hits the yak.
Your ice beast freezes the yak!
The yak gores your ice beast. The seven-headed hydra bites you!
You die...

≈≈≈......#...##.>...##
≈≈......##...##......#
≈≈≈..8.......#......##
≈≈≈.....#?Y.........#
≈≈≈...†Y##Y..#......#########
≈≈≈.....##Y#.##.....#P.#..P.#.
≈≈≈.<.....#.#..............<..
≈≈..........D.................
≈≈...........@................
........$..$..................
.............(................
###......................)....
##...P..P...###...(#.#.##...
#....#.##..# #.....##.####.
...#. .... #......... . . ....
#....#.....


You could see a seven-headed hydra, a yak and a friendly ice beast (summoned).

Vanquished Creatures
  An ogre mage (Volcano)
  A boulder beetle (Lair:3)
  A hydra (Lair:2)
  5 two-headed ogres (Volcano)
  A hell knight (Volcano)
  An unseen horror (D:8)
  An ugly thing (D:10)
  2 oklob plants (Lair:1)
  A merfolk siren (Lair:2)
  3 cane toads
  Psyche (D:8)
  2 centaur skeletons (D:10)
  3 komodo dragons
  A troll (D:10)
  Grinder (D:3)
  A hornet (D:9)
  A slime creature (D:10)
  A nameless horror (Lair:2)
  Sigmund (D:4)
  Eustachio (D:5)
  7 yaks
  8 fire bats (Volcano)
  A basilisk (Lair:2)
  Menkaure (D:4)
  Edmund (D:6)
  2 water moccasins
  2 hell hounds (Lair:1)
  Duvessa (D:6)
  An orc warrior (D:10)
  An ice beast (D:6)
  An eye of draining (D:10)
  3 black bears
  A phantom (D:10)
  A sky beast (D:6)
  6 ogres
  7 centaurs
  8 wolves (Lair:2)
  A big kobold (D:10)
  11 bullfrogs
  A gnoll sergeant (D:5)
  Dowan (D:6)
  A water moccasin zombie (D:5)
  9 scorpions (Ossuary)
  4 killer bees (D:8)
  4 wights (D:8)
  6 howler monkeys
  An electric eel (Lair:1)
  4 lava snakes (Volcano)
  5 centaur zombies
  3 jellies
  A quasit (D:7)
  3 human zombies (Ossuary)
  An orc priest (D:7)
  2 hounds
  Ijyb (D:5)
  5 iguanas
  3 orc wizards
  2 worker ants
  2 hound zombies
  3 hound skeletons
  3 mummies (Ossuary)
  10 gnolls
  4 scorpion zombies (Ossuary)
  12 adders
  A shadow imp (D:8)
  3 white imps
  4 ufetubi
  An ooze (D:2)
  2 adder skeletons
  9 worms
  A dart slug (D:2)
  2 leopard geckos
  27 orcs
  7 giant cockroaches
  5 hobgoblins
  4 jackals (D:3)
  5 quokkas
  2 ball pythons
  8 bats
  11 frilled lizards
  A giant cockroach zombie (D:5)
  9 goblins
  2 goblin zombies (Ossuary)
  2 jackal skeletons
  12 kobolds
  2 kobold zombies (Ossuary)
  2 orc zombies (Ossuary)
  A quokka skeleton (D:4)
  6 rats
314 creatures vanquished.

Vanquished Creatures (collateral kills)
  A hydra (Lair:2)
  2 oklob plants (Lair:1)
  A cane toad (Lair:2)
  A merfolk (Lair:2)
  A yak (Lair:3)
  3 wolves (Lair:2)
  A bullfrog (Lair:2)
  An electric eel (Lair:2)
11 creatures vanquished.

Vanquished Creatures (others)
  7 fungi
  20 plants
27 creatures vanquished.

Grand Total: 352 creatures vanquished

Notes
Turn   | Place    | Note
-------+----------+-------------------------------------------
     0 | D:1      | DearestLeader the Gnoll Fighter began the quest for the
                  | Orb.
     0 | D:1      | Reached XP level 1. HP: 23/23 MP: 1/1
   152 | D:1      | Reached XP level 2. HP: 28/29 MP: 2/2
   439 | D:1      | Reached XP level 3. HP: 35/35 MP: 3/3
   763 | D:2      | Reached skill level 1 in Invocations
   941 | D:2      | Found an iron altar of Okawaru.
   957 | D:2      | Reached skill level 1 in Short Blades
   957 | D:2      | Reached skill level 1 in Long Blades
   957 | D:2      | Reached skill level 1 in Maces & Flails
   957 | D:2      | Reached skill level 1 in Polearms
   957 | D:2      | Reached skill level 1 in Staves
   957 | D:2      | Reached skill level 1 in Slings
   957 | D:2      | Reached skill level 1 in Bows
   957 | D:2      | Reached skill level 1 in Crossbows
   957 | D:2      | Reached skill level 1 in Throwing
   957 | D:2      | Reached skill level 1 in Dodging
   957 | D:2      | Reached skill level 1 in Stealth
   957 | D:2      | Reached skill level 1 in Unarmed Combat
   957 | D:2      | Reached skill level 1 in Spellcasting
   957 | D:2      | Reached skill level 1 in Evocations
   958 | D:2      | Became a worshipper of Warmaster Okawaru
  1089 | D:2      | Reached XP level 4. HP: 30/41 MP: 5/5
  1415 | D:2      | Reached skill level 1 in Conjurations
  1415 | D:2      | Reached skill level 1 in Hexes
  1415 | D:2      | Reached skill level 1 in Summonings
  1415 | D:2      | Reached skill level 1 in Necromancy
  1415 | D:2      | Reached skill level 1 in Translocations
  1415 | D:2      | Reached skill level 1 in Transmutations
  1415 | D:2      | Reached skill level 1 in Fire Magic
  1415 | D:2      | Reached skill level 1 in Ice Magic
  1415 | D:2      | Reached skill level 1 in Air Magic
  1415 | D:2      | Reached skill level 1 in Earth Magic
  1415 | D:2      | Reached skill level 1 in Poison Magic
  1968 | D:3      | Reached XP level 5. HP: 46/47 MP: 6/6
  2341 | D:3      | Found a blossoming altar of Fedhas.
  2351 | D:3      | Noticed a moth of wrath
  2355 | D:3      | Found a bloodstained altar of Trog.
  2648 | D:3      | Noticed Grinder
  2665 | D:3      | Paralysed by Grinder for 2 turns
  2670 | D:3      | Killed Grinder
  2670 | D:3      | Reached * piety under Okawaru
  2671 | D:3      | Reached skill level 5 in Axes
  2671 | D:3      | Reached XP level 6. HP: 39/53 MP: 7/9
  3015 | D:4      | Noticed Sigmund
  3030 | D:4      | Killed Sigmund
  3031 | D:4      | Reached XP level 7. HP: 33/60 MP: 10/10
  3298 | D:4      | Found an opulent altar of Gozag.
  3654 | D:4      | Found a staircase to the Ecumenical Temple.
  3787 | D:4      | Noticed Menkaure
  3790 | D:4      | Found a hazy altar of Hepliaklqana.
  3796 | D:4      | HP: 3/60 [??? (1)]
  3825 | D:5      | Entered Level 5 of the Dungeon
  3910 | D:6      | Found a sand-covered staircase.
  3957 | Ossuary  | Entered an ossuary
  4138 | Ossuary  | Reached ** piety under Okawaru
  4141 | Ossuary  | Reached XP level 8. HP: 48/67 MP: 12/12
  4837 | Ossuary  | Reached *** piety under Okawaru
  5287 | D:4      | Killed Menkaure
  5288 | D:4      | Reached XP level 9. HP: 73/73 MP: 14/14
  5418 | D:4      | Found a shadowy altar of Dithmenos.
  5496 | D:5      | Noticed Ijyb
  5507 | D:5      | Killed Ijyb
  5991 | D:5      | Noticed Eustachio
  6000 | D:5      | Killed Eustachio
  6906 | D:6      | Noticed Duvessa
  6907 | D:6      | Noticed Dowan
  6915 | D:6      | Killed Duvessa
  6915 | D:6      | Reached **** piety under Okawaru
  6923 | D:6      | Killed Dowan
  7049 | D:6      | Got a polished cloak
  7059 | D:6      | Identified the +2 cloak of Uror {+Blink rC+ Int+3} (You
                  | found it on level 6 of the Dungeon)
  7074 | D:6      | Found an ornate altar of the Wu Jian Council.
  7103 | D:6      | Noticed Edmund
  7124 | D:6      | Killed Edmund
  7242 | D:6      | Found a shadowy altar of Dithmenos.
  7319 | D:6      | Reached skill level 5 in Invocations
  7533 | D:6      | Found a sacrificial altar of Ru.
  7737 | D:7      | Found a radiant altar of Vehumet.
  7966 | D:7      | Reached XP level 10. HP: 80/80 MP: 17/17
  8781 | D:8      | Reached skill level 5 in Short Blades
  8781 | D:8      | Reached skill level 5 in Long Blades
  8781 | D:8      | Reached skill level 5 in Maces & Flails
  8781 | D:8      | Reached skill level 5 in Polearms
  8781 | D:8      | Reached skill level 5 in Staves
  8781 | D:8      | Reached skill level 5 in Slings
  8781 | D:8      | Reached skill level 5 in Bows
  8781 | D:8      | Reached skill level 5 in Crossbows
  8781 | D:8      | Reached skill level 5 in Throwing
  8781 | D:8      | Reached skill level 5 in Dodging
  8781 | D:8      | Reached skill level 5 in Stealth
  8781 | D:8      | Reached skill level 5 in Unarmed Combat
  8781 | D:8      | Reached skill level 5 in Spellcasting
  8781 | D:8      | Reached skill level 5 in Evocations
  8909 | D:8      | Received a gift from Okawaru
  9326 | D:8      | Noticed Psyche
  9336 | D:8      | Killed Psyche
  9641 | D:8      | Killed an unseen horror
  9641 | D:8      | Reached ***** piety under Okawaru
  9914 | D:9      | Found a burning altar of Makhleb.
  9914 | D:9      | Found a faded altar of an unknown god.
  9929 | D:9      | Found a snail-covered altar of Cheibriados.
  9931 | D:9      | Found a glowing silver altar of Zin.
  9933 | D:9      | Found a faded altar of an unknown god.
 10196 | D:9      | Paralysed by a hornet for 1 turns
 10751 | D:9      | Got a jewelled rapier
 10751 | D:9      | Identified the +7 rapier "Pala" {vorpal, rPois Dex+2} (You
                  | found it on level 9 of the Dungeon)
 10768 | D:10     | Entered Level 10 of the Dungeon
 10811 | D:10     | Received a gift from Okawaru
 10812 | D:10     | Received a gift from Okawaru
 10813 | D:10     | Reached XP level 11. HP: 33/87 MP: 19/19
 11082 | D:10     | Received a gift from Okawaru
 11083 | D:10     | Reached skill level 5 in Conjurations
 11083 | D:10     | Reached skill level 5 in Hexes
 11083 | D:10     | Reached skill level 5 in Summonings
 11083 | D:10     | Reached skill level 5 in Necromancy
 11083 | D:10     | Reached skill level 5 in Translocations
 11083 | D:10     | Reached skill level 5 in Transmutations
 11083 | D:10     | Reached skill level 5 in Fire Magic
 11083 | D:10     | Reached skill level 5 in Ice Magic
 11083 | D:10     | Reached skill level 5 in Air Magic
 11083 | D:10     | Reached skill level 5 in Earth Magic
 11083 | D:10     | Reached skill level 5 in Poison Magic
 11398 | D:10     | Noticed a white ugly thing
 11441 | D:10     | Killed a white ugly thing
 12031 | D:10     | Learned a level 4 spell: Summon Lightning Spire
 12036 | D:10     | Learned a level 4 spell: Summon Ice Beast
 12276 | D:10     | Found a staircase to the Lair.
 12450 | Lair:1   | Entered Level 1 of the Lair of Beasts
 12524 | Lair:1   | Found a dark tunnel.
 12533 | Volcano  | Entered a volcano
 12565 | Volcano  | Received a gift from Okawaru
 12680 | Volcano  | Received a gift from Okawaru
 12858 | Volcano  | Noticed a two-headed ogre
 12858 | Volcano  | Noticed a two-headed ogre
 12860 | Volcano  | Noticed a two-headed ogre
 12861 | Volcano  | Noticed an ogre mage
 12866 | Volcano  | Noticed a two-headed ogre
 12871 | Volcano  | Killed a two-headed ogre
 12874 | Volcano  | Noticed a two-headed ogre
 12880 | Volcano  | Killed an ogre mage
 12881 | Volcano  | Noticed a hell knight
 12888 | Volcano  | Killed a two-headed ogre
 12889 | Volcano  | Reached XP level 12. HP: 54/96 MP: 15/22
 12892 | Volcano  | Killed a two-headed ogre
 12899 | Volcano  | Killed a two-headed ogre
 12918 | Volcano  | Killed a two-headed ogre
 13007 | Volcano  | Found a burning altar of Makhleb.
 13060 | Volcano  | Found a bloodstained altar of Trog.
 13202 | Lair:1   | Found a runed translucent gate.
 13202 | Lair:1   | Found a runed translucent gate.
 13202 | Lair:1   | Found a runed translucent gate.
 13206 | Lair:1   | Noticed Almogavar's ghost (journeyman MiBe)
 13206 | Lair:1   | Noticed a death ooze
 13606 | Lair:1   | HP: 3/97 [acid (14)]
 13611 | Lair:1   | HP: 2/145 [acid (11)]
 14263 | Lair:1   | Found a viscous altar of Jiyva.
 14299 | Lair:2   | Noticed a four-headed hydra
 14340 | Lair:2   | Killed a four-headed hydra
 14464 | Lair:2   | Received a gift from Okawaru
 14465 | Lair:2   | Reached skill level 10 in Fighting
 14465 | Lair:2   | Reached skill level 10 in Armour
 14465 | Lair:2   | Reached skill level 10 in Shields
 14775 | Lair:2   | Noticed a five-headed hydra
 14791 | Lair:2   | Killed a five-headed hydra
 15018 | Lair:2   | Found a staircase to the Shoals.
 15042 | Lair:2   | Received a gift from Okawaru
 15470 | Lair:3   | Noticed a boulder beetle
 15526 | Lair:3   | Killed a boulder beetle
 15624 | Lair:3   | Noticed a seven-headed hydra
 15651 | Lair:3   | Mangled by a seven-headed hydra

Illustrated notes

Levels and vault maps discovered:
D:1:      heliophobic_arrival_henge, layout_rooms
D:2:      minmay_skewed_foursquare, layout_loops_corners, okawaru_trees_2
D:3:      layout_loops_ring, tgw_trog, fedhas_altar_1, serial_bayou_crossing,
          uniq_grinder
D:4:      cheibrodos_old_hovel, layout_basic,
          riverfiend_overflow_shadow_ancestor, kennysheep_mini,
          minmay_temple_entry_drinking_statues, minmay_misc_feat_doors,
          minmay_misc_feat_enclosed, uniq_sigmund, uniq_menkaure
D:5:      layout_cave_pods, uniq_eustachio, uniq_ijyb
D:6:      layout_loops_ring, nzn_wu_jian_council_hall,
          lemuel_coloured_pillars_altar, nicolae_ossuary_entry_monument,
          nicolae_dithmenos_through_a_glass_darkly, uniq_duvessa, uniq_edmund
D:7:      layout_basic, lemuel_crystal_altar, minmay_fountain_box
D:8:      layout_loops_cross, uniq_psyche
D:9:      layout_basic, chequers_temple_overflow_minitemple, chequers_garden,
          minmay_misc_feat_square, dk_rats_in_the_wall
D:10:     layout_basic, grunt_lair_entry_orc_guard_hut,
          minmay_fractal_squares_gapless_7
Lair:1:   minmay_lair_oklob_tunnel, layout_gridlike, enter_volcano_3,
          gammafunk_ghost_ooze
Lair:2:   layout_regular_city, elwin_shoals_entry_rooms, lemuel_fruit_fields
Lair:3:   layout_regular_city, gauntlet_entry_generic, serial_bayou_shore_a,
          serial_bayou_shore_b, lemuel_fruit_tree, infiniplex_staircase_pool_2,
          lemuel_fruit_fields

Skill      XL: |  1  2  3  4  5  6  7  8  9 10 11 12 |
---------------+-------------------------------------+-----
Invocations    | 1 2 3 4 5 6 7 8 |  8.4
Short Blades   | 1 2 3 4 5 6 7 |  7.7
Long Blades    | 1 2 3 4 5 6 7 |  7.7
Maces & Flails | 1 2 3 4 5 6 7 |  7.7
Polearms       | 1 2 3 4 5 6 7 |  7.7
Staves         | 1 2 3 4 5 6 7 |  7.7
Slings         | 1 2 3 4 5 6 7 |  7.7
Bows           | 1 2 3 4 5 6 7 |  7.7
Crossbows      | 1 2 3 4 5 6 7 |  7.7
Throwing       | 1 2 3 4 5 6 7 |  7.7
Dodging        | 1 2 3 4 5 6 7 |  7.7
Stealth        | 1 2 3 4 5 6 7 |  7.7
Unarmed Combat | 1 2 3 4 5 6 7 |  7.7
Spellcasting   | 1 2 3 4 5 6 7 |  7.7
Evocations     | 1 2 3 4 5 6 7 |  7.7
Conjurations   | 1 2 3 4 5 6 |  6.4
Hexes          | 1 2 3 4 5 6 |  6.4
Summonings     | 1 2 3 4 5 6 |  6.4
Necromancy     | 1 2 3 4 5 6 |  6.4
Translocations | 1 2 3 4 5 6 |  6.4
Transmutations | 1 2 3 4 5 6 |  6.4
Fire Magic     | 1 2 3 4 5 6 |  6.4
Ice Magic      | 1 2 3 4 5 6 |  6.4
Air Magic      | 1 2 3 4 5 6 |  6.4
Earth Magic    | 1 2 3 4 5 6 |  6.4
Poison Magic   | 1 2 3 4 5 6 |  6.4
Axes           | 5 6 7 8 9 |  9.0
Fighting       | 7 8 9 10 | 10.1
Armour         | 7 8 9 10 | 10.1
Shields        | 7 8 9 10 | 10.1

Action                   |  1- 3 |  4- 6 |  7- 9 | 10-12 || total
-------------------------+-------+-------+-------+-------++-------
Melee: Short sword       |    15 |       |       |       ||    15
       War axe           |    87 |   113 |       |   139 ||   339
       Bite              |    11 |    16 |    62 |    82 ||   171
       Hand axe          |       |    28 |   334 |    33 ||   395
       Rapier            |       |       |       |   278 ||   278
       Demon whip        |       |       |       |     1 ||     1
 Fire: Hand crossbow     |       |       |       |    40 ||    40
       Hunting sling     |       |       |       |     5 ||     5
 Cast: Summon Ice Beast  |       |       |       |    26 ||    26
       Summon Lightning  |       |       |       |     9 ||     9
Invok: Heroism           |       |       |       |     2 ||     2
       Finesse           |       |       |       |     1 ||     1
  Use: Scroll            |       |     5 |    10 |    10 ||    25
       Potion            |       |       |       |     6 ||     6
 Stab: Sleeping          |       |       |     5 |    20 ||    25
       Distracted        |       |       |       |     2 ||     2
Armor: Scale mail        |    38 |    45 |    61 |       ||   144
       Leather armour    |       |       |     7 |   102 ||   109
Dodge: Dodged            |    30 |    36 |   108 |   323 ||   497
Block: Kite shield       |    60 |    77 |   160 |       ||   297
       Buckler           |       |       |     6 |   206 ||   212
